 Dungeon Crawl Stone Soup version 0.29-a0-321-gf1c400731a (webtiles) character file.

Game seed: 11197462168810241764

941 YayAnonymity the Chopper (level 8, -16/58 HPs)
             Began as a Formicid Fighter on Apr 4, 2022.
             Demolished by an ogre
             ... wielding a +0 giant club
              (21 damage)
             ... on level 5 of the Dungeon.
             The game lasted 00:07:27 (5411 turns).

YayAnonymity the Chopper (Formicid Fighter)         Turns: 5411, Time: 00:07:28

Health: -16/58     AC:  9    Str: 22    XL:     8   Next: 34%
Magic:  0/8        EV:  9    Int:  4    God:
Gold:   147        SH:  5    Dex: 15    Spells: 7/7 levels left

rFire   + + .      SeeInvis +   a - +0 war axe
rCold   . . .      Faith    .   c - +0 buckler
rNeg    . . .      Spirit   +   b - +0 scale mail
rPois   +          Reflect  .   (helmet unavailable)
rElec   .          Harm     .   (no cloak)
rCorr   .          Rampage  .   w - +0 pair of gloves
Will    .....                   y - +0 pair of boots
Stlth   ..........              t - amulet of Meacrim {Spirit -Tele rF+ Int-5 Dex+5}
HPRegen 0.19/turn               k - ring of poison resistance
MPRegen 0.11/turn               s - ring of protection from fire

@: no status effects
A: permanent stasis, dig shafts and tunnels, antennae 3, four strong arms
a: Dig, Shaft Self


You were on level 5 of the Dungeon.
You visited 1 branch of the dungeon, and saw 5 of its levels.

You collected 147 gold pieces.

Inventory:

Hand Weapons
 a - a +0 war axe (weapon)
 A - a +0 flail
Missiles
 d - 3 boomerangs
 n - 5 poisoned darts (quivered)
 p - 4 javelins
 D - 2 throwing nets
Armour
 b - a +0 scale mail (worn)
 c - a +0 buckler (worn)
 w - a +0 pair of gloves (worn)
 y - a +0 pair of boots (worn)
Jewellery
 j - an amulet of faith
 k - a ring of poison resistance (left hand)
 s - a ring of protection from fire (right hand)
 t - the amulet of Meacrim (around neck) {Spirit -Tele rF+ Int-5 Dex+5}
   (You found it on level 3 of the Dungeon)

   [amulet of guardian spirit]

   It causes incoming damage to be divided between your reserves of health and
   magic.
   Int:       It affects your intelligence (-5).
   Dex:       It affects your dexterity (+5).
   rF:        It protects you from fire.
   -Tele:     It prevents most forms of teleportation.
Wands
 C - a wand of paralysis (5)
Scrolls
 g - 2 scrolls of magic mapping {unknown}
 h - a scroll of enchant weapon {unknown}
 i - a scroll of fog {unknown}
 l - a scroll of vulnerability
 m - 3 scrolls of teleportation {unknown}
 r - a scroll of immolation
 u - a scroll of blinking {unknown}
 v - 2 scrolls of enchant armour {unknown}
Potions
 e - 2 potions of mutation
 f - a potion of curing {unknown}
 o - a potion of brilliance {unknown}
 q - a potion of berserk rage {unknown}
 x - a potion of degeneration {unknown}
 z - a potion of cancellation {unknown}
 B - a potion of attraction {unknown}


   Skills:
 - Level 3.2 Fighting
 * Level 7.6 Axes
 - Level 5.0 Armour
 - Level 6.0 Shields


You had 7 spell levels left.
You didn't know any spells.
Your spell library was empty.

Dungeon Overview and Level Annotations

Branches:
Dungeon (5/15)
 Temple: D:4-7

Altars:
Gozag
Hepliaklqana
Nemelex Xobeh
Okawaru
Yredelemnul

Shops:
D:4 (

Annotations:
D:3 1 runed translucent door


Innate Abilities, Weirdness & Mutations

You cannot be hasted, slowed, berserked, paralysed or teleported.
You can dig through walls and to a lower floor.
You have a pair of large antennae on your head. (SInv)
Your four strong arms can wield two-handed weapons with a shield.


Message History

You open the door.
Found a sparkling altar of Nemelex Xobeh.
There is an open door here.
You enter the shallow water.
Moving in this stuff is going to be slow.
You sense a monster nearby.
You open the door.
There is an open door here.
There is an open door here.
You open the door.
There is an open door here.
An ogre comes into view. It is wielding a +0 giant club.
The ogre hits you with a +0 giant club!
You barely miss the ogre. The ogre hits you with a +0 giant club!
You hit the ogre.
The ogre is lightly wounded.
The ogre hits you with a +0 giant club.
You barely miss the ogre.
The ogre is lightly wounded.
You slash the ogre!
The ogre is heavily wounded.
The ogre hits you with a +0 giant club!
You are too injured to fight recklessly!
You are too injured to fight recklessly!
You are too injured to fight recklessly!
You are too injured to fight recklessly!
You barely miss the ogre.
The ogre is heavily wounded.
The ogre hits you with a +0 giant club!
* * * LOW HITPOINT WARNING * * *
You closely miss the ogre.
The ogre is moderately wounded.
The ogre hits you with a +0 giant club.
* * * LOW HITPOINT WARNING * * *
You slash the ogre!
The ogre is severely wounded.
You hit the ogre.
The ogre is almost dead.
The ogre hits you with a +0 giant club!!
You die...

####......#
..........#
........### ###
###........ ..#
..#...##########.#
..#............#.#
..+.#######'####.#
..#.##..#≈≈.≈≈##O#
..#.....#≈#.#≈##@#####
##+.....'.._..'......#
..#....##≈#.#≈#......#
..#....##≈≈.≈≈#......#
..+...#####+###......#
..#...# #####.##
..##.## ..# ####.# #.#
#.##.# #


You could see an ogre.

Vanquished Creatures
  Grinder (D:3)
  Menkaure (D:4)
  A black bear (D:4)
  A scorpion (D:3)
  A gnoll shaman (D:5)
  2 orc priests
  A human zombie (D:3)
  Jessica (D:3)
  An iguana (D:3)
  5 orc wizards
  2 adders
  5 gnolls
  An ufetubus (D:3)
  2 worms (D:3)
  A dart slug (D:3)
  12 orcs
  11 ball pythons
  7 bats
  8 endoplasms
  2 giant cockroaches
  2 goblins
  10 hobgoblins
  2 jackals (D:1)
  6 quokkas
  3 frilled lizards (D:1)
  3 kobolds (D:1)
  5 rats
97 creatures vanquished.

Vanquished Creatures (others)
  15 plants (D:3)
15 creatures vanquished.

Grand Total: 112 creatures vanquished

Notes
Turn   | Place    | Note
-------+----------+-------------------------------------------
     0 | D:1      | YayAnonymity the Formicid Fighter began the quest for the
                  | Orb.
     0 | D:1      | Reached XP level 1. HP: 18/18 MP: 1/1
   214 | D:1      | Reached XP level 2. HP: 24/24 MP: 2/2
   664 | D:1      | Reached XP level 3. HP: 29/29 MP: 3/3
   740 | D:1      | Reached skill level 3 in Axes
  1366 | D:2      | Reached XP level 4. HP: 35/35 MP: 4/4
  2085 | D:3      | Found an opulent altar of Gozag.
  2089 | D:3      | Identified the amulet of Meacrim {Spirit -Tele rF+ Int-5
                  | Dex+5}
  2100 | D:3      | Reached XP level 5. HP: 20/41 MP: 5/5
  2102 | D:3      | Noticed Grinder
  2928 | D:3      | Killed Grinder
  2929 | D:3      | Reached skill level 4 in Axes
  2929 | D:3      | Reached skill level 5 in Shields
  2929 | D:3      | Reached XP level 6. HP: 20/47 MP: 2/6
  3112 | D:3      | Noticed Jessica
  3124 | D:3      | Killed Jessica
  3305 | D:3      | Found a runed translucent door.
  3305 | D:3      | Noticed a human
  3313 | D:3      | Reached skill level 5 in Axes
  3313 | D:3      | Reached XP level 7. HP: 49/52 MP: 7/7
  3327 | D:3      | Reached skill level 5 in Armour
  3328 | D:3      | Found a basalt altar of Yredelemnul.
  3431 | D:3      | Found a faded altar of an unknown god.
  3598 | D:4      | Found a hazy altar of Hepliaklqana.
  3638 | D:4      | Found Zextuthru's Weapon Emporium.
  3688 | D:4      | Noticed Menkaure
  3697 | D:4      | Killed Menkaure
  3698 | D:4      | Reached skill level 6 in Axes
  4289 | D:4      | Reached XP level 8. HP: 52/58 MP: 6/8
  4719 | D:5      | Entered Level 5 of the Dungeon
  5027 | D:4      | Reached skill level 7 in Axes
  5169 | D:5      | Found an iron altar of Okawaru.
  5388 | D:5      | Found a sparkling altar of Nemelex Xobeh.
  5411 | D:5      | Demolished by an ogre

Illustrated notes

Levels and vault maps discovered:
D:1:      dpeg_arrival_tiny_d, layout_basic
D:2:      layout_rooms, minivault_14
D:3:      layout_basic, dk_yredelemnul_ordeal, nicolae_gozag_seed_capital,
          hellmonk_ecumenical_altar_crossroads, st_stairs_2,
          grunt_decor_resistance, serial_bayou_lagoon_a, uniq_grinder,
          uniq_jessica
D:4:      layout_loops_ring, nicolae_hepliaklqana_hazy_memory, serial_shops,
          shop, uniq_menkaure
D:5:      layout_basic, mainiacjoe_overflow_24_doors, kennysheep_little_box,
          kennysheep_generic_room_6, uniq_duvessa, uniq_prince_ribbit1

Skill      XL: |  1  2  3  4  5  6  7  8 |
---------------+-------------------------+-----
Shields        | 4 5 6 |  6.0
Axes           | 3 4 5 6 7 |  7.6
Armour         | 4 5 |  5.0
Fighting       | |  3.2

Action                   |  1- 3 |  4- 6 |  7- 9 || total
-------------------------+-------+-------+-------++-------
Melee: War axe           |    74 |    88 |   129 ||   291
Throw: Dart              |       |     3 |       ||     3
       Boomerang         |       |     4 |       ||     4
 Abil: Dig               |       |       |     1 ||     1
  Use: Potion            |       |     1 |       ||     1
       Scroll            |       |       |     4 ||     4
Armor: Scale mail        |    45 |    34 |    52 ||   131
Dodge: Dodged            |    36 |    41 |    62 ||   139
Block: Buckler           |    20 |    23 |    34 ||    77

Table legend: (Time is in decaauts)
 A = Elapsed time spent in this place.
 B = Non-inter-level travel time spent in this place.
 C = Inter-level travel time spent in this place.
 D = Time resting spent in this place.
 E = Time spent auto-exploring this place.
 F = Levels seen in this place.
 G = Mean time per level.
                   A        B        C        D        E       F      G
               +--------+--------+--------+--------+--------+-----+--------+
         Total |   5522 |   5268 |    254 |   1418 |   2946 |   5 | 1104.4 |
       Dungeon |   5522 |   5268 |    254 |   1418 |   2946 |   5 | 1104.4 |
               +--------+--------+--------+--------+--------+-----+--------+

Top non-repeatable levels by time:
     D:4: 1516 daAuts
     D:1: 1263 daAuts
     D:3: 1225 daAuts
     D:2: 1191 daAuts
     D:5: 325 daAuts
